 Dungeon Crawl Stone Soup version 0.29.0-4-gdea44cf6ec (webtiles) character file.

Game seed: 2856479805749213304

183 qw the Chopper (level 5, 0/42 HPs)
             Began as a Ghoul Summoner on Sept 10, 2022.
             Slain by a gnoll
             ... wielding a +0 halberd
              (1 damage)
             ... on level 3 of the Dungeon.
             The game lasted 00:01:02 (2551 turns).

qw the Chopper (Ghoul Summoner)                     Turns: 2551, Time: 00:01:03

Health: 0/42       AC:  6    Str: 14    XL:     5   Next: 62%
Magic:  6/6        EV:  5    Int: 10    God:
Gold:   154        SH:  0    Dex:  9    Spells: 6/7 levels left

rFire   . . .      SeeInvis .   m - +0 war axe
rCold   + . .      Faith    .   (no shield)
rNeg    + + +      Spirit   .   b - +0 scale mail
rPois   inf        Reflect  .   (no helmet)
rElec   .          Harm     .   (no cloak)
rCorr   .          Rampage  .   (no gloves)
Will    .....                   (no boots)
Stlth   ..........              (no amulet)
HPRegen 0.00/turn               (no ring)
MPRegen 0.10/turn               (no ring)

@: held, inhibited regen
A: claws 1, cold resistance 1, negative energy resistance 3, inhibited
regeneration, torment resistance 2, devour on kill
a: no special abilities


You were on level 3 of the Dungeon.
You visited 1 branch of the dungeon, and saw 3 of its levels.

You collected 154 gold pieces.


Innate Abilities, Weirdness & Mutations

You are immune to poison.
You have sharp fingernails.
Your flesh is cold resistant. (rC+)
You are immune to negative energy. (rN+++)
You do not regenerate when monsters are visible.
You are immune to unholy pain and torment.
You thrive by killing the living.


   Skills:
 + Level 2.5 Fighting
 - Level 4.0 Axes
 - Level 1.7 Dodging
 - Level 2.1 Stealth
 - Level 1.7 Spellcasting
 - Level 3.6 Summonings


You had 6 spell levels left.
You knew the following spells:

 Your Spells              Type           Power      Damage    Failure   Level
a - Summon Small Mammal   Summ           32%        N/A       32%         1

Your spell library contained the following spells:

 Spells                   Type           Power      Damage    Failure   Level
 Call Imp                 Summ           8%         N/A       45%         2
 Call Canine Familiar     Summ           8%         N/A       69%         3
 Summon Guardian Golem    Hex/Summ       4%         N/A       91%         3
 Summon Lightning Spire   Summ/Air       4%         N/A       100%        4

Inventory:

Hand Weapons
 i - a +0 flail
 m - a +0 war axe (weapon)
Missiles
 k - 5 boomerangs (quivered)
Armour
 b - a +0 scale mail (worn)
 c - a +2 chain mail of poison resistance
 l - a +0 chain mail
Scrolls
 h - a scroll of identify
Potions
 a - 2 potions of might {unknown}
 d - a potion of lignification {unknown}
 e - a potion of flight {unknown}
 f - a potion of degeneration {unknown}
 g - a potion of curing {unknown}
 j - a potion of attraction {unknown}

Dungeon Overview and Level Annotations

Branches:
Dungeon (3/15)

Altars:


Message History

2518 ||| SWAPPING to +0 war axe.
The +7 spear of Bacapa {venom, rElec} stops dripping with poison.
m - a +0 war axe (weapon)
2519 ||| DROPPING +7 spear of Bacapa {venom, rElec}.
You drop the +7 spear of Bacapa {venom, rElec}.
c - a +2 chain mail of poison resistance You see here a +0 dagger. 3 gnolls come into view.
The gnoll shouts! x3
Enter note:
2543 ||| Stepping ~*~*~tactically~*~*~ (hiding).
You closely miss the gnoll. The gnoll hits you with a +0 flail.
You barely miss the gnoll. The gnoll barely misses you.
You hit the gnoll.
The gnoll is heavily wounded.
The gnoll hits you from afar with a +0 halberd.
The gnoll hits you with a +0 flail!
The gnoll hits you from afar with a +0 halberd.
You slash the gnoll!
The gnoll is severely wounded.
The gnoll hits you from afar with a +0 halberd!
The gnoll hits you with a +0 club.
You barely miss the gnoll.
The gnoll is severely wounded.
The gnoll hits you from afar with a +0 halberd.
The gnoll barely misses you.
You hit the gnoll but do no damage.
The gnoll is severely wounded.
The gnoll barely misses you. The gnoll closely misses you.
You hit the gnoll.
You kill the gnoll!
You feel better.
The gnoll throws a throwing net.
The throwing net hits you.
You become entangled in the net!
The gnoll hits you but does no damage.
The gnoll hits you from afar with a +0 halberd!
You struggle against the net.
The gnoll hits you from afar with a +0 halberd.
You die...

##########.#
#..........#
#..........#
##..........#
............#
##.......<..#
##..........#
##..........########
####............@g.#
......#####.######g#
###...# #.# .#
###...# #.# .#
.))...# #.# g#
..).#.# #.# .#
....#.# #.# .#
....... ..# .#
........


You could see 2 gnolls.

Vanquished Creatures
  A jelly (D:3)
  An iguana (D:3)
  2 orc wizards (D:3)
  A gnoll (D:3)
  An adder (D:2)
  A dart slug (D:2)
  6 orcs (D:3)
  An endoplasm (D:3)
  A giant cockroach (D:3)
  2 goblins
  3 hobgoblins
  4 kobolds
  3 ball pythons (D:2)
  2 bats
29 creatures vanquished.

Vanquished Creatures (collateral kills)
  An adder (D:2)
  3 bats (D:1)
  An endoplasm (D:2)
  A giant cockroach (D:1)
  3 goblins
  A hobgoblin (D:1)
  A ball python (D:2)
  A frilled lizard (D:1)
12 creatures vanquished.

Grand Total: 41 creatures vanquished

Notes
Turn   | Place    | Note
-------+----------+-------------------------------------------
     0 | D:1      | qw the Ghoul Summoner began the quest for the Orb.
     0 | D:1      | Reached XP level 1. HP: 14/14 MP: 2/2
     0 | D:1      | 0 ||| qw: Version: 0.1-a-116-g5d60599
     0 | D:1      | 0 ||| qw: Game counter: 7615
     0 | D:1      | 0 ||| qw: Always use a shield: true
     0 | D:1      | 0 ||| qw: God list: Okawaru
     0 | D:1      | 0 ||| qw: Allow faded altars: false
     0 | D:1      | 0 ||| qw: Do Orc after D:15 true
     0 | D:1      | 0 ||| qw: Do second Lair branch before Depths: true
     0 | D:1      | 0 ||| qw: Lair rune preference: random
     0 | D:1      | 0 ||| qw: Plans: Normal
     0 | D:1      | 0 ||| PLANNING D:1-11
    11 | D:1      | 11 ||| CASTING Summon Small Mammal
    12 | D:1      | 12 ||| CASTING Summon Small Mammal
   101 | D:1      | 101 ||| CASTING Summon Small Mammal
   102 | D:1      | 102 ||| CASTING Summon Small Mammal
   114 | D:1      | 114 ||| CASTING Summon Small Mammal
   127 | D:1      | 127 ||| CASTING Summon Small Mammal
   165 | D:1      | 165 ||| CASTING Summon Small Mammal
   166 | D:1      | 166 ||| CASTING Summon Small Mammal
   202 | D:1      | 202 ||| CASTING Summon Small Mammal
   203 | D:1      | 203 ||| CASTING Summon Small Mammal
   212 | D:1      | Reached skill level 1 in Axes
   242 | D:1      | 242 ||| CASTING Summon Small Mammal
   245 | D:1      | 245 ||| CASTING Summon Small Mammal
   252 | D:1      | Reached XP level 2. HP: 22/22 MP: 0/3
   282 | D:1      | 282 ||| Wielding weapon +0 club.
   364 | D:1      | 364 ||| CASTING Summon Small Mammal
   365 | D:1      | 365 ||| CASTING Summon Small Mammal
   366 | D:1      | 366 ||| CASTING Summon Small Mammal
   455 | D:1      | 455 ||| CASTING Summon Small Mammal
   456 | D:1      | 456 ||| CASTING Summon Small Mammal
   457 | D:1      | 457 ||| CASTING Summon Small Mammal
   462 | D:1      | Reached skill level 1 in Fighting
   515 | D:1      | 515 ||| CASTING Summon Small Mammal
   516 | D:1      | 516 ||| CASTING Summon Small Mammal
   517 | D:1      | 517 ||| CASTING Summon Small Mammal
   656 | D:1      | 656 ||| READING 2 scrolls labelled ATETTERARR.
   657 | D:1      | 657 ||| READING 2 scrolls labelled PYGGUJ KOVEH.
   658 | D:1      | 658 ||| READING scroll labelled FISETO QYIKH.
   661 | D:1      | 661 ||| DROPPING potion of magic.
   662 | D:1      | 662 ||| DROPPING scroll of poison.
   663 | D:1      | 663 ||| DROPPING scroll of magic mapping.
   677 | D:2      | Found a faded altar of an unknown god.
   678 | D:2      | 678 ||| CASTING Summon Small Mammal
   679 | D:2      | 679 ||| CASTING Summon Small Mammal
   680 | D:2      | 680 ||| CASTING Summon Small Mammal
   682 | D:2      | 682 ||| STAIRDANCE
   689 | D:1      | 689 ||| CASTING Summon Small Mammal
   839 | D:1      | 839 ||| SWAPPING to +0 whip.
   840 | D:1      | 840 ||| DROPPING +0 club.
   844 | D:2      | 844 ||| CASTING Summon Small Mammal
   845 | D:2      | 845 ||| CASTING Summon Small Mammal
   846 | D:2      | 846 ||| CASTING Summon Small Mammal
   847 | D:2      | 847 ||| STAIRDANCE
   936 | D:2      | Identified the +7 spear of Bacapa {venom, rElec}
   938 | D:2      | 938 ||| SWAPPING to +7 spear of Bacapa {venom, rElec}.
   939 | D:2      | 939 ||| DROPPING +0 whip.
   965 | D:2      | 965 ||| CASTING Summon Small Mammal
   966 | D:2      | 966 ||| CASTING Summon Small Mammal
   967 | D:2      | 967 ||| CASTING Summon Small Mammal
  1018 | D:2      | 1018 ||| CASTING Summon Small Mammal
  1019 | D:2      | 1019 ||| CASTING Summon Small Mammal
  1020 | D:2      | 1020 ||| CASTING Summon Small Mammal
  1030 | D:2      | 1030 ||| CASTING Summon Small Mammal
  1115 | D:2      | 1115 ||| CASTING Summon Small Mammal
  1116 | D:2      | 1116 ||| CASTING Summon Small Mammal
  1117 | D:2      | 1117 ||| CASTING Summon Small Mammal
  1190 | D:2      | 1190 ||| CASTING Summon Small Mammal
  1191 | D:2      | 1191 ||| CASTING Summon Small Mammal
  1192 | D:2      | 1192 ||| CASTING Summon Small Mammal
  1263 | D:2      | 1263 ||| CASTING Summon Small Mammal
  1264 | D:2      | 1264 ||| CASTING Summon Small Mammal
  1265 | D:2      | 1265 ||| CASTING Summon Small Mammal
  1306 | D:2      | 1306 ||| CASTING Summon Small Mammal
  1307 | D:2      | 1307 ||| CASTING Summon Small Mammal
  1308 | D:2      | 1308 ||| CASTING Summon Small Mammal
  1362 | D:2      | 1362 ||| CASTING Summon Small Mammal
  1363 | D:2      | 1363 ||| CASTING Summon Small Mammal
  1364 | D:2      | 1364 ||| CASTING Summon Small Mammal
  1476 | D:2      | 1476 ||| CASTING Summon Small Mammal
  1477 | D:2      | 1477 ||| CASTING Summon Small Mammal
  1478 | D:2      | 1478 ||| CASTING Summon Small Mammal
  1481 | D:2      | Reached skill level 2 in Axes
  1481 | D:2      | Reached XP level 3. HP: 28/28 MP: 0/4
  1526 | D:2      | 1526 ||| CASTING Summon Small Mammal
  1527 | D:2      | 1527 ||| CASTING Summon Small Mammal
  1528 | D:2      | 1528 ||| CASTING Summon Small Mammal
  1529 | D:2      | 1529 ||| CASTING Summon Small Mammal
  1624 | D:2      | 1624 ||| CASTING Summon Small Mammal
  1625 | D:2      | 1625 ||| CASTING Summon Small Mammal
  1626 | D:2      | 1626 ||| CASTING Summon Small Mammal
  1627 | D:2      | 1627 ||| CASTING Summon Small Mammal
  1836 | D:2      | 1836 ||| CASTING Summon Small Mammal
  1837 | D:2      | 1837 ||| CASTING Summon Small Mammal
  1838 | D:2      | 1838 ||| CASTING Summon Small Mammal
  1839 | D:2      | 1839 ||| CASTING Summon Small Mammal
  1847 | D:2      | 1847 ||| CASTING Summon Small Mammal
  1942 | D:2      | 1942 ||| CASTING Summon Small Mammal
  1943 | D:2      | 1943 ||| CASTING Summon Small Mammal
  1944 | D:2      | 1944 ||| CASTING Summon Small Mammal
  1945 | D:2      | 1945 ||| CASTING Summon Small Mammal
  1953 | D:2      | 1953 ||| CASTING Summon Small Mammal
  2172 | D:2      | 2172 ||| CASTING Summon Small Mammal
  2173 | D:2      | 2173 ||| CASTING Summon Small Mammal
  2174 | D:2      | 2174 ||| CASTING Summon Small Mammal
  2175 | D:2      | 2175 ||| CASTING Summon Small Mammal
  2232 | D:2      | 2232 ||| UPGRADING to +0 scale mail.
  2242 | D:2      | 2242 ||| DROPPING +0 robe.
  2243 | D:2      | 2243 ||| DROPPING +0 leather armour of positive energy.
  2244 | D:2      | 2244 ||| READING scroll labelled UJUROU ARUNOWN.
  2245 | D:2      | 2245 ||| READING scroll labelled TERCHA ZAHEACH.
  2246 | D:2      | 2246 ||| READING scroll labelled CYFYOLEOG.
  2247 | D:2      | 2247 ||| READING scroll labelled ULYSEM JUOT.
  2248 | D:2      | 2248 ||| READING scroll labelled EREFABL TYTAANK.
  2318 | D:3      | 2318 ||| Stepping ~*~*~tactically~*~*~ (stealth).
  2341 | D:3      | Reached XP level 4. HP: 33/36 MP: 5/5
  2428 | D:3      | 2428 ||| Stepping ~*~*~tactically~*~*~ (stealth).
  2432 | D:3      | 2432 ||| Stepping ~*~*~tactically~*~*~ (stealth).
  2438 | D:3      | Reached skill level 3 in Axes
  2438 | D:3      | Reached XP level 5. HP: 37/41 MP: 6/6
  2474 | D:3      | 2474 ||| Stepping ~*~*~tactically~*~*~ (hiding).
  2493 | D:3      | 2493 ||| Stepping ~*~*~tactically~*~*~ (hiding).
  2496 | D:3      | 2496 ||| Stepping ~*~*~tactically~*~*~ (hiding).
  2502 | D:3      | Reached skill level 4 in Axes
  2518 | D:3      | 2518 ||| SWAPPING to +0 war axe.
  2519 | D:3      | 2519 ||| DROPPING +7 spear of Bacapa {venom, rElec}.
  2543 | D:3      | 2543 ||| Stepping ~*~*~tactically~*~*~ (hiding).
  2547 | D:3      | HP: 9/41 [gnoll/+0 club (4)]
  2550 | D:3      | HP: 1/41 [gnoll/+0 halberd (8)]
  2551 | D:3      | Slain by a gnoll

Levels and vault maps discovered:
D:1:      minmay_arrival_loop, layout_basic
D:2:      layout_basic, nicolae_ecumenical_pavilion, kennysheep_cluttered_room,
          kennysheep_generic_room_15
D:3:      layout_basic, lemuel_doored_altar

Skill      XL: |  1  2  3  4  5 |
---------------+----------------+-----
Axes           | 1 2 3 4 |  4.0
Fighting       | 1 2 |  2.5
Dodging        | |  1.7
Stealth        | |  2.1
Spellcasting   | |  1.7
Summonings     | |  3.6

Action                   |  1- 3 |  4- 6 || total
-------------------------+-------+-------++-------
Melee: Unarmed           |    10 |       ||    10
       Club              |    20 |       ||    20
       Spear             |    43 |    26 ||    69
       War axe           |       |     7 ||     7
 Cast: Summon Small Mamm |    68 |       ||    68
  Use: Scroll            |     8 |       ||     8
Armor: Robe              |     9 |       ||     9
       Scale mail        |     2 |     8 ||    10
Dodge: Dodged            |    59 |    12 ||    71

Table legend:
 A = Non-vault XP
 B = Vault XP
 C = Vault XP percentage of total XP
 D = Non-vault monster count
 E = Vault monster count
 F = Vault count percentage of total count
                 A         B        C        D         E       F
            +---------+---------+-------+---------+---------+-------
      Total |     258 |       4 |   1.5 |      39 |       2 |   4.9
            +---------+---------+-------+---------+---------+-------
        D:1 |      17 |       0 |   0.0 |      10 |       0 |   0.0
        D:2 |      47 |       4 |   7.8 |      13 |       2 |  13.3
        D:3 |     194 |       0 |   0.0 |      16 |       0 |   0.0
            +---------+---------+-------+---------+---------+-------
